 Dungeon Sprint DCSS version 0.26-a0-658-gbdda728c12 (webtiles) character file.

Game seed: 9398623719992423768

219 sahdkjhfkaj the Cleaver (level 5, -3/52 HPs)
             Began as a Minotaur Berserker on Oct 4, 2020.
             Was a High Priest of Trog.
             Slain by Pikel
             ... wielding a +1 whip of electrocution
              (20 damage)
             ... in the Dungeon (Sprint VII: "The Pits").
             The game lasted 00:01:13 (686 turns).

sahdkjhfkaj the Cleaver (Minotaur Berserker)         Turns: 686, Time: 00:01:13

Health: -3/52      AC: 15    Str: 23    XL:     5   Next: 64%
Magic:  4/4        EV:  9    Int:  4    God:    Trog [*****.]
Gold:   0          SH:  0    Dex:  9    Spells: 4/4 levels left

rFire    . . .     SeeInvis .   a - +2 hand axe (freeze)
rCold    . . .     Faith    .   (no shield)
rNeg     . . .     Spirit   .   b - +2 plate armour
rPois    .         Reflect  .   (helmet restricted)
rElec    .         Harm     .   (no cloak)
rCorr    .         Rampage  .   (no gloves)
MR       .....     NoTele   +   (no boots)
Stlth    ..........             (no amulet)
HPRegen  0.17/turn              (no ring)
MPRegen  0.09/turn              (no ring)

@: berserk cooldown, slowed, very slow
A: retaliatory headbutt, horns 2
a: Berserk, Trog's Hand, Brothers in Arms, Renounce Religion


You were in the Dungeon.
You worshipped Trog.
Trog was extremely pleased with you.
You visited 1 branch

Inventory:

Hand Weapons
 a - a +2 hand axe of freezing (weapon)
Armour
 b - a +2 plate armour (worn)
Scrolls
 h - a scroll of blinking
 j - 3 scrolls of remove curse
 k - a scroll of summoning
Potions
 c - 6 potions of curing
 d - 3 potions of heal wounds
 e - a potion of haste
 f - 4 potions of magic
 g - 3 potions of berserk rage
 i - 2 potions of invisibility


   Skills:
 + Level 7.2 Fighting
 * Level 9.6 Axes
 + Level 6.7 Armour
 + Level 6.1 Dodging


You had 4 spell levels left.
You didn't know any spells.
Your spell library was empty.

Dungeon Overview and Level Annotations

Branches:
Dungeon (1/1)

Altars:
Ashenzari
Cheibriados
Dithmenos
Elyvilon
Fedhas
Gozag
Hepliaklqana
Kikubaaqudgha
Makhleb
Nemelex Xobeh
Okawaru
Qazlal
Ru
Sif Muna
Trog
Uskayaw
Vehumet
Wu Jian
Xom
Yredelemnul
Zin
The Shining One
Beogh
Jiyva
Lugonu

Annotations:
D Pikel


Innate Abilities, Weirdness & Mutations

You reflexively headbutt those who attack you in melee.
You have a pair of horns on your head.


Message History

Pikel is heavily wounded.
Pikel hits you but does no damage.
You are electrocuted!
* * * LOW HITPOINT WARNING * * *
The orc wizard mumbles some strange words.
The orc wizard flickers and vanishes!
Deactivating autopickup; reactivate with Ctrl-A.
Pikel closely misses you.
You feel much better.
Pikel hits you with a +1 whip of electrocution.
You hit Pikel. You freeze Pikel.
Pikel is severely wounded.
Pikel barely misses you.
You hit Pikel but do no damage. Your headbutt misses Pikel.
Pikel is severely wounded.
Pikel hits you with a +1 whip of electrocution.
You are electrocuted!
You hit Pikel. You freeze Pikel.
Pikel is almost dead.
Pikel hits you but does no damage.
You are electrocuted!!
You die...

#'#####'#####.....
#.#..#..#..##.....
#.#..÷..#))#####'#
#.#..####))##.....
#.#..#..#))##.....
#.#..#..#[[##.....
#.##†#..#'###...<.
#)#.)†.....##.....
#@#........##.....
#K###########.....
#5{gJ...# ######
#og#.#g.# #.## #
#.. #.# #.. #..


You could see Pikel, a lemure, a gnoll and an orc.

Vanquished Creatures
  A fire bat (D)
  3 lemures (D)
  A jelly (D)
  2 gnolls (D)
  A river rat (D)
  An ooze (D)
  2 orcs (D)
  A bat skeleton (D)
  A giant cockroach (D)
  A goblin (D)
  3 jackals (D)
  2 quokkas (D)
  A frilled lizard (D)
  A rat (D)
21 creatures vanquished.

Notes
Turn   | Place    | Note
-------+----------+-------------------------------------------
     0 | D        | sahdkjhfkaj the Minotaur Berserker began the quest for the
                  | Orb.
     0 | D        | Reached XP level 1. HP: 19/19 MP: 0/0
    14 | D        | Reached skill level 4 in Axes
    14 | D        | Reached XP level 2. HP: 27/27 MP: 1/1
   174 | D        | Found a bloodstained altar of Trog.
   174 | D        | Found a shimmering blue altar of Sif Muna.
   174 | D        | Found a viscous altar of Jiyva.
   174 | D        | Found a hazy altar of Hepliaklqana.
   174 | D        | Found an opulent altar of Gozag.
   175 | D        | Found a glowing golden altar of the Shining One.
   175 | D        | Found a glowing silver altar of Zin.
   175 | D        | Found a basalt altar of Yredelemnul.
   175 | D        | Found a shimmering altar of Xom.
   175 | D        | Found an ornate altar of the Wu Jian Council.
   175 | D        | Found a sacrificial altar of Ru.
   175 | D        | Found a stormy altar of Qazlal.
   175 | D        | Found an iron altar of Okawaru.
   175 | D        | Found a sparkling altar of Nemelex Xobeh.
   175 | D        | Found a burning altar of Makhleb.
   175 | D        | Found a blossoming altar of Fedhas.
   175 | D        | Found a white marble altar of Elyvilon.
   175 | D        | Found a shadowy altar of Dithmenos.
   175 | D        | Found a snail-covered altar of Cheibriados.
   177 | D        | Found a radiant altar of Vehumet.
   177 | D        | Found a corrupted altar of Lugonu.
   177 | D        | Found a roughly hewn altar of Beogh.
   178 | D        | Found a hide-covered altar of Uskayaw.
   178 | D        | Found an ancient bone altar of Kikubaaqudgha.
   178 | D        | Found a broken altar of Ashenzari.
   222 | D        | Reached skill level 5 in Axes
   224 | D        | Reached ** piety under Trog
   453 | D        | Reached *** piety under Trog
   465 | D        | Reached XP level 3. HP: 27/35 MP: 2/2
   468 | D        | Reached **** piety under Trog
   468 | D        | Reached skill level 6 in Axes
   629 | D        | Noticed a lemure
   630 | D        | Noticed a fire bat
   635 | D        | Noticed a lemure
   637 | D        | Noticed a lemure
   640 | D        | Killed a fire bat
   640 | D        | Reached skill level 9 in Axes
   640 | D        | Reached skill level 5 in Dodging
   640 | D        | Reached XP level 4. HP: 23/45 MP: 3/3
   640 | D        | Reached XP level 5. HP: 26/51 MP: 4/4
   647 | D        | Killed a lemure
   652 | D        | Reached ***** piety under Trog
   655 | D        | Killed a lemure
   663 | D        | Noticed Pikel
   667 | D        | Killed a lemure
   667 | D        | Noticed a lemure
   686 | D        | Slain by Pikel

Illustrated notes

Levels and vault maps discovered:
D:        pitsprint [storerooms_1, entrance_room_1, metal_vault_5, armoury_2,
          mini_pit_1, grid_room_1, main_hall_1, silver_pit, the_coven_3,
          the_vestibule_1, steel_vault_3, golden_pit, hallway_of_sentries,
          crystal_vault_4, iron_vault_3, final_vault]

Skill      XL: |  1  2  3  4  5 |
---------------+----------------+-----
Fighting       | 4 6 7 |  7.2
Axes           | 4 5 9 |  9.6
Armour         | 3 4 6 |  6.7
Dodging        | 3 5 6 |  6.1

Action                   |  1- 3 |  4- 6 || total
-------------------------+-------+-------++-------
Melee: Hand axe          |    28 |    39 ||    67
       Headbutt          |     2 |     5 ||     7
Invok: Berserk           |     3 |       ||     3
  Use: Potion            |       |     3 ||     3
Armor: Animal skin       |     4 |       ||     4
       Plate armour      |     6 |    22 ||    28
Dodge: Dodged            |    19 |    12 ||    31

Table legend: (Time is in decaauts)
 A = Elapsed time spent in this place.
 B = Non-inter-level travel time spent in this place.
 C = Inter-level travel time spent in this place.
 D = Time resting spent in this place.
 E = Time spent auto-exploring this place.
 F = Levels seen in this place.
 G = Mean time per level.
                   A        B        C        D        E       F      G
               +--------+--------+--------+--------+--------+-----+--------+
         Total |    698 |    675 |     23 |    480 |      0 |   1 |  698.0 |
       Dungeon |    698 |    675 |     23 |    480 |      0 |   1 |  698.0 |
               +--------+--------+--------+--------+--------+-----+--------+

Top non-repeatable levels by time:
       D: 698 daAuts
